Map: Oxide LE

Players

PattyMac

  • Race: Protoss Protoss

Astrea - Winner!

  • Race: Protoss Protoss

Event: DreamHack SC2 Masters 2021 Winter

VOD

Have the link to the VOD?

Description

Time

  • Played on: Oct. 6, 2021, 5:54 p.m.
  • Length: 5:48

All games in this series

Show
View Real Time Build Order
Export as new Build Order

PattyMac Protoss 

Build Orders:  

Get SALT Encoding   

  12  0:01  Probe  
  13  0:13  Probe  
  14  0:30  Pylon  
  14  0:49  Gateway  
  14  0:51  Gateway  
  14  0:57  Forge  
  14  1:05  Pylon  
  13  1:36  Zealot  
  13  1:39  Cybernetics Core  
  15  1:42  Probe (Chrono Boost)  
  15  1:48  Probe (Chrono Boost)  
  16  1:54  Assimilator  
  16  1:56  Probe  
  17  2:03  Zealot  
  17  2:04  Assimilator  
  19  2:08  Probe (Chrono Boost)  
  20  2:18  Probe (Chrono Boost)  
  20  2:21  Pylon  
  21  2:23  Probe (Chrono Boost)  
  21  2:29  Shield Battery  
  22  2:36  Probe  
  23  2:45  Adept (Chrono Boost)  
  23  2:47  Adept (Chrono Boost)  
  25  2:53  Probe  
  26  3:05  Probe  
  25  3:10  Cybernetics Core  
  25  3:22  Probe  
  26  3:28  Pylon  
  26  3:34  Probe  
  27  3:46  Probe  
  27  3:50  Stargate  
  26  3:58  Probe, Warp Gate (Chrono Boost)  
  27  4:10  Probe  
  27  4:19  Gateway  
  27  4:22  Twilight Council  
  28  4:24  Shield Battery  
  28  4:33  Gateway  
  28  4:35  Gateway  
  27  4:46  Shield Battery  
  27  4:51  Gateway  
  27  5:06  Pylon  
  27  5:24  Shield Battery  
  27  5:31  Stalker x2  
  31  5:35  Pylon  
Show
View Real Time Build Order
Export as new Build Order

Astrea Protoss - Winner!

Build Orders:  

Get SALT Encoding   

  12  0:00  Probe  
  13  0:12  Probe  
  14  0:17  Pylon  
  14  0:24  Probe (Chrono Boost)  
  15  0:36  Probe (Chrono Boost)  
  15  0:37  Gateway  
  16  0:44  Probe (Chrono Boost)  
  16  0:47  Assimilator  
  17  0:51  Probe  
  18  1:01  Forge  
  18  1:03  Probe  
  19  1:16  Probe  
  19  1:18  Pylon  
  20  1:24  Zealot (Chrono Boost)  
  22  1:33  Photon Cannon  
  22  1:36  Probe  
  23  1:52  Cybernetics Core  
  23  1:54  Probe  
  24  1:58  Zealot  
  26  2:08  Probe  
  27  2:14  Assimilator  
  27  2:20  Probe  
  27  2:21  Pylon  
  28  2:27  Stalker (Chrono Boost), Warp Gate (Chrono Boost)  
  28  2:50  Stalker  
  30  3:01  Robotics Facility  
  30  3:03  Gateway  
  30  3:14  Gateway  
  30  3:24  Stalker  
  30  3:27  Pylon  
  30  3:29  Probe  
  31  3:38  Shield Battery  
  30  3:50  Immortal (Chrono Boost)  
  34  4:16  Stalker x3  
  38  4:24  Warp Prism (Chrono Boost)  
  40  4:35  Pylon  
  40  4:54  Stalker x3  
  46  5:08  Observer  
  47  5:19  Stalker x3  
  53  5:43  Adept  

Tags
 
Add a new tag
Caveats
  • Supply blocks, unpowered buildings, or Contaminate may cause inaccurate times.
  • Supply counts are checked every 10 seconds.